 Dungeon Crawl Stone Soup version 0.31-a0-986-g5e6e4ef867 (console) character file.

Game seed: 11656039119995540417

153666 jejorda2 the Fighter (level 17, -15/210 HPs)
             Began as a Gnoll Berserker on Nov 2, 2023.
             Was a High Priest of Trog.
             Blown up by an orb spider (17 damage)
             ... with a wavering orb of destruction
             ... on level 1 of the Spider Nest on Nov 3, 2023.
             The game lasted 01:18:28 (28902 turns).

jejorda2 the Fighter (Gnoll Berserker)             Turns: 28902, Time: 01:18:28

Health: -15/210    AC: 32    Str: 24    XL:     17   Next: 61%
Magic:  33/33      EV: 11    Int:  8    God:    Trog [*****.]
Gold:   1943       SH:  0    Dex: 11    Spells: 40/40 levels left

rFire   + . .        a - +5 glaive of the Guard {elec, spectral}
rCold   . . .        (shield currently unavailable)
rNeg    . . .        K - +0 plate armour {rPois}
rPois   +            w - +2 helmet {SInv}
rElec   .            l - +0 cloak
rCorr   .            H - +2 pair of gloves
SInv    +            h - +2 pair of boots
Will    +....        R - amulet of the acrobat Stlth
                     r - +4 ring of protection
HPRegen 0.55/turn    d - ring of protection from fire
MPRegen 0.23/turn

%: acrobat
@: confused, berserking (expiring), studying Fighting, very quick
A: fangs 1, strong nose, distributed training
a: Renounce Religion, Berserk, Trog's Hand, Brothers in Arms


You were on level 1 of the Spider Nest.
You worshipped Trog.
Trog was extremely pleased with you.
You visited 4 branches of the dungeon, and saw 23 of its levels.
You also visited: Bailey and Ice Cave.

You collected 3122 gold pieces.
You spent 1179 gold pieces at shops.

Inventory:

Hand Weapons
 a - the +5 glaive of the Guard (weapon) {elec, spectral}
   (You found it on level 7 of the Dungeon)
 b - a +1 broad axe of flaming
Missiles
 m - 22 boomerangs
 q - 22 poisoned darts (quivered)
 v - 5 curare-tipped darts
Armour
 h - a +2 pair of boots (worn)
 l - a +0 cloak (worn)
 w - a +2 helmet of see invisible (worn)
 H - a +2 pair of gloves (worn)
 K - a +0 plate armour of poison resistance (worn)
Jewellery
 d - a ring of protection from fire (right hand)
 f - a +4 ring of slaying
 j - a ring of protection from fire
 r - a +4 ring of protection (left hand)
 t - a ring of willpower
 J - a ring of ice
 N - a ring of resist corrosion
 R - an amulet of the acrobat (around neck)
 T - the ring "Dote" {Fly Dex+6}
   (You found it on level 5 of the Lair of Beasts)

   [ring of flight]

   Dex+6:     It affects your dexterity (+6).
   Fly:       It grants you flight.
Wands
 k - a wand of roots (8)
 o - a wand of polymorph (19)
 u - a wand of mindburst (46)
 x - a wand of charming (14)
 y - a wand of digging (12)
 F - a wand of flame (25)
 Q - a wand of quicksilver (17)
Scrolls
 c - 2 scrolls of blinking
 i - 7 scrolls of fear
 C - 3 scrolls of poison
 E - 3 scrolls of fog
 G - 4 scrolls of teleportation
 I - a scroll of revelation
 M - 4 scrolls of immolation
 O - 2 scrolls of identify
 P - 4 scrolls of butterflies
Potions
 e - 8 potions of curing
 g - 4 potions of mutation
 p - 3 potions of haste
 s - a potion of ambrosia
 A - 4 potions of attraction
 D - 2 potions of cancellation
 L - a potion of enlightenment
 S - a potion of invisibility {unknown}
Miscellaneous
 n - a phial of floods
 U - a phantom mirror


   Skills:
 + Level 14.4 Fighting
 + Level 12.0 Short Blades
 + Level 12.0 Long Blades
 + Level 13.5 Axes
 + Level 12.0 Maces & Flails
 + Level 12.0 Polearms
 + Level 12.0 Staves
 + Level 12.0 Ranged Weapons
 + Level 12.0 Throwing
 + Level 12.8 Armour
 + Level 12.8 Dodging
 + Level 12.0 Stealth
 + Level 12.0 Shields
 + Level 12.0 Unarmed Combat
 + Level 12.0 Spellcasting
 + Level 10.1 Conjurations
 + Level 10.1 Hexes
 + Level 10.1 Summonings
 + Level 10.1 Necromancy
 + Level 10.1 Translocations
 + Level 10.1 Transmutations
 + Level 10.1 Fire Magic
 + Level 10.1 Ice Magic
 + Level 10.1 Air Magic
 + Level 10.1 Earth Magic
 + Level 10.1 Poison Magic
 + Level 13.0 Invocations
 + Level 12.0 Evocations
 + Level 11.0 Shapeshifting


You had 40 spell levels left.
You didn't know any spells.
Your spell library was empty.

Dungeon Overview and Level Annotations

Branches:
Dungeon (15/15)            Temple (0/1) D:4            Lair (5/5) D:9
 Shoals (0/4) Lair:2       Spider (1/4) Lair:3        Slime (0/5) Lair:5
    Orc (2/2) D:10            Elf (0/3) Orc:2        Vaults (0/5) D:13
 Depths (0/4) D:15         Bailey (visited)           IceCv (visited)

Altars:
Cheibriados
Elyvilon
Gozag
Hepliaklqana
Kikubaaqudgha
Jiyva

Shops:
Orc:2 ([?([


Innate Abilities, Weirdness & Mutations

You have very sharp teeth.
Your uncanny sense of smell can sniff out nearby items.
Your experience applies equally to all skills.


Message History

The wolf spider is heavily wounded.
Your +5 glaive of the Guard {elec, spectral} hits the wolf spider from afar.
The wolf spider misses you. The wolf spider barely misses you.
The tarantella touches your +5 glaive of the Guard {elec, spectral}.
Your spectral weapon shares its damage with you!
Your +5 glaive of the Guard {elec, spectral} appears confused.
* * * LOW HITPOINT WARNING * * *
The tarantella touches you but does no damage.
Your +5 glaive of the Guard {elec, spectral} hits you!!
* * * LOW HITPOINT WARNING * * *
Unknown command.
You slash the wolf spider!
The wolf spider is severely wounded.
Your +5 glaive of the Guard {elec, spectral} hits the wolf spider from afar!!
You kill the wolf spider!
Trog accepts your kill.
Your +5 glaive of the Guard {elec, spectral} hits you but does no damage.
You are electrocuted!
* * * LOW HITPOINT WARNING * * *
The tarantella touches your +5 glaive of the Guard {elec, spectral}!!
Your spectral weapon shares its damage with you!
* * * LOW HITPOINT WARNING * * *
The tarantella touches you but does no damage.
The tarantella touches your +5 glaive of the Guard {elec, spectral}.
Your spectral weapon shares its damage with you!
You are too berserk!
Your +5 glaive of the Guard {elec, spectral} disappears.
You feel a strong urge to attack something.
The tarantella touches you but does no damage.
The orb spider weaves a glowing orb of energy.
The tarantella misses you.
An orb of destruction comes into view.
You see here a moth of wrath corpse.
Unknown command.
You slash the tarantella!
The tarantella is moderately wounded.
Your +5 glaive of the Guard {elec, spectral} barely misses the tarantella.
The tarantella closely misses you.
The wavering orb of destruction hits you!
You die...

##.#. #... ......
.... (#.... ####....
.(((.. #..#...#.
.#(...#...>.#...
#...(.(#...#.#.#^
......(#(.........#
#.s☼@.......#...
..#...ss.$......#.
#...#.............#
#...............#..
........^.†....#...#
#....#.#.........#..
....^.....†....^....
.......#......#..^.
#.#.^....#..#.......


You could see an orb spider, 2 tarantellas and a friendly +5 glaive of the Guard
{elec, spectral}.

Vanquished Creatures
  Rupert (Orc:2)
  An Ice Fiend (IceCv)
  Kirke (D:13)
  A storm dragon (shapeshifter) (D:14)
  An azure jelly (D:15)
  2 reapers (D:14)
  Azrael (Spider:1)
  A fire dragon (Lair:5)
  Fannar (Orc:1)
  4 hydras (Lair:5)
  5 centaur warriors
  2 caustic shrike simulacra (IceCv)
  2 ogre magi
  A death knight (D:14)
  2 radroaches (Spider:1)
  The ghost of boblaw the Basher, a novice MiBe of Trog (Orc:2)
  2 dancing weapons (D:13)
  4 boulder beetles
  17 two-headed ogres
  3 death yaks (Lair:4)
  A vampire mage (D:15)
  2 occultists (D:11)
  3 demonic crawlers (Spider:1)
  2 soul eaters (D:14)
  Sonja (Lair:3)
  The ghost of particleface the Carver, a novice NaEn (D:7)
  A storm dragon zombie (D:15)
  A pharaoh ant (Spider:1)
  A sun moth (Spider:1)
  2 skeletal warriors (D:15)
  A shadow wraith (D:14)
  A spark wasp zombie (D:15)
  An orb spider (Spider:1)
  2 flayed ghosts (D:14)
  An obsidian statue (IceCv)
  2 arcanists (D:14)
  2 lindwurms
  A swamp dragon (Lair:5)
  A bog body (IceCv)
  4 orc knights
  9 necromancers
  2 phantasmal warriors (D:14)
  9 spriggan simulacra (IceCv)
  A wolf spider zombie (D:14)
  5 ugly things (D:15)
  5 wolf spiders
  7 cyclopes
  An oklob plant (Lair:1)
  6 deep elf pyromancers
  A moth of wrath (Spider:1)
  An orc sorcerer (Orc:2)
  19 elephants
  3 spectral centaurs (D:14)
  3 manticores
  7 black mambas
  4 centaur zombies (D:14)
  6 cane toads
  An eye of devastation (shapeshifter) (D:15)
  A molten gargoyle (D:15)
  A gargoyle (D:13)
  3 torpor snails
  Jeremiah (D:6)
  9 centaur skeletons (D:14)
  Maggie (Lair:2)
  2 unseen horrors
  4 kobold demonologists
  A spectral redback (D:14)
  An unseen horror (shapeshifter) (D:15)
  8 rime drakes
  14 komodo dragons
  8 freezing wraiths
  2 tormentors (D:14)
  9 ice devils (IceCv)
  10 polar bears
  2 trolls (D:11)
  3 wolf spider simulacra
  2 hornets
  3 meliai (D:15)
  9 tarantellas
  4 alligator simulacra (IceCv)
  A spriggan zombie (D:15)
  Prince Ribbit (Lair:1)
  14 blink frogs
  A snapping turtle (Lair:2)
  3 raiju (Lair:5)
  3 centaur simulacra (D:14)
  8 jumping spiders (Spider:1)
  A jumping spider (shapeshifter) (D:13)
  6 dream sheep
  A vampire (D:12)
  15 slime creatures
  5 culicivoras (Spider:1)
  A water elemental (Lair:2)
  A shadow (D:10)
  10 wyverns
  2 dire elephant simulacra (IceCv)
  2 wraiths
  44 yaks
  8 basilisks
  A steam dragon (D:8)
  14 redbacks (Spider:1)
  A redback simulacrum (D:14)
  11 fire elementals
  5 hogs (D:13)
  5 vampire mosquitoes
  9 minotaur simulacra (IceCv)
  10 wargs
  8 acid dragons
  2 hydra simulacra (IceCv)
  13 water moccasins
  13 hell hounds
  39 orc warriors
  2 swamp drakes (Lair:5)
  An ettin simulacrum (IceCv)
  An ice beast (D:7)
  13 black bears
  18 ogres
  19 wolves
  A phantom (D:5)
  31 centaurs
  6 kobold brigands
  A gnoll sergeant (D:6)
  10 scorpions
  6 bullfrogs
  8 deep troll simulacra (IceCv)
  9 killer bees
  A lindwurm simulacrum (IceCv)
  4 electric eels
  A howler monkey (D:13)
  3 lava snakes
  A jelly (D:5)
  9 orc priests
  2 hounds
  2 spectral boggarts (D:14)
  Crazy Yiuf (D:6)
  A gnoll bouda (D:8)
  A sleepcap (D:6)
  5 iguanas
  13 orc wizards
  3 boggart zombies (D:14)
  A boggart skeleton (D:14)
  18 gnolls
  4 adders
  A shadow imp (D:7)
  An ufetubus (D:7)
  2 worms
  6 dart slugs
  69 orcs
  2 bats
  5 endoplasms
  3 giant cockroaches
  12 goblins
  8 hobgoblins
  6 jackals
  4 quokkas
  10 ball pythons
  A frilled lizard (D:3)
  26 kobolds
  3 rats (D:3)
885 creatures vanquished.

Vanquished Creatures (collateral kills)
  A deep elf death mage (D:14)
  A boulder beetle (Lair:5)
2 creatures vanquished.

Vanquished Creatures (others)
  A redback (Spider:1)
  29 spectral weapons
30 creatures vanquished.

Grand Total: 917 creatures vanquished

Notes
Turn   | Place    | Note
-------+----------+-------------------------------------------
     0 | D:1      | jejorda2 the Gnoll Berserker began the quest for the Orb.
     0 | D:1      | Reached XP level 1. HP: 23/23 MP: 1/1
    48 | D:1      | Reached XP level 2. HP: 28/29 MP: 2/2
   410 | D:1      | Reached XP level 3. HP: 35/35 MP: 3/3
   646 | D:2      | Reached skill level 1 in Invocations
   900 | D:2      | Reached ** piety under Trog
  1263 | D:2      | Found a faded altar of an unknown god.
  1354 | D:2      | Reached skill level 1 in Short Blades
  1354 | D:2      | Reached skill level 1 in Long Blades
  1354 | D:2      | Reached skill level 1 in Maces & Flails
  1354 | D:2      | Reached skill level 1 in Polearms
  1354 | D:2      | Reached skill level 1 in Staves
  1354 | D:2      | Reached skill level 1 in Ranged Weapons
  1354 | D:2      | Reached skill level 1 in Throwing
  1354 | D:2      | Reached skill level 1 in Stealth
  1354 | D:2      | Reached skill level 1 in Shields
  1354 | D:2      | Reached skill level 1 in Unarmed Combat
  1354 | D:2      | Reached skill level 1 in Spellcasting
  1354 | D:2      | Reached skill level 1 in Evocations
  1582 | D:3      | Reached XP level 4. HP: 41/41 MP: 5/5
  1587 | D:3      | Reached skill level 1 in Shapeshifting
  1898 | D:3      | Reached skill level 1 in Conjurations
  1898 | D:3      | Reached skill level 1 in Hexes
  1898 | D:3      | Reached skill level 1 in Summonings
  1898 | D:3      | Reached skill level 1 in Necromancy
  1898 | D:3      | Reached skill level 1 in Translocations
  1898 | D:3      | Reached skill level 1 in Transmutations
  1898 | D:3      | Reached skill level 1 in Fire Magic
  1898 | D:3      | Reached skill level 1 in Ice Magic
  1898 | D:3      | Reached skill level 1 in Air Magic
  1898 | D:3      | Reached skill level 1 in Earth Magic
  1898 | D:3      | Reached skill level 1 in Poison Magic
  1997 | D:3      | Reached XP level 5. HP: 47/47 MP: 5/7
  2298 | D:4      | Reached *** piety under Trog
  2318 | D:4      | Noticed an ogre
  2321 | D:4      | Killed an ogre
  2404 | D:4      | Identified the +9 long sword of the Weak God {drain, rC+
                  | Will+ rCorr Stlth-}
  2430 | D:4      | Reached XP level 6. HP: 53/53 MP: 8/8
  2478 | D:4      | Found a staircase to the Ecumenical Temple.
  2717 | D:4      | Reached skill level 5 in Armour
  2717 | D:4      | Reached skill level 5 in Dodging
  2798 | D:4      | Identified the +1 flail "Xuopnoeth" {holy, rN+ Will- rCorr
                  | Str+3}
  3133 | D:4      | Reached skill level 7 in Fighting
  3133 | D:4      | Reached XP level 7. HP: 57/60 MP: 10/10
  3268 | D:5      | Entered Level 5 of the Dungeon
  3504 | D:5      | Reached XP level 8. HP: 63/67 MP: 12/12
  4120 | D:6      | You fall into a shaft and drop 3 floors!
  4122 | D:9      | Found a staircase to the Lair.
  4322 | D:9      | Reached XP level 9. HP: 73/73 MP: 14/14
  4445 | D:7      | Found an ancient bone altar of Kikubaaqudgha.
  4484 | D:7      | Found a flagged portal.
  4485 | D:7      | Found the +5 glaive of the Guard {elec, spectral}
  4542 | Bailey   | Entered a bailey
  4738 | Bailey   | Found a large runed translucent door.
  4738 | Bailey   | Found a large runed translucent door.
  4738 | Bailey   | Noticed an orc knight
  4743 | Bailey   | Noticed a deep elf pyromancer
  4752 | Bailey   | Reached skill level 8 in Fighting
  4755 | Bailey   | Killed an orc knight
  4756 | Bailey   | Reached skill level 5 in Invocations
  4866 | Bailey   | Killed a deep elf pyromancer
  4867 | Bailey   | Reached XP level 10. HP: 80/80 MP: 17/17
  5062 | D:6      | Noticed Jeremiah
  5065 | D:6      | Reached skill level 5 in Short Blades
  5065 | D:6      | Reached skill level 5 in Long Blades
  5065 | D:6      | Reached skill level 5 in Maces & Flails
  5065 | D:6      | Reached skill level 5 in Polearms
  5065 | D:6      | Reached skill level 5 in Staves
  5065 | D:6      | Reached skill level 5 in Ranged Weapons
  5065 | D:6      | Reached skill level 5 in Throwing
  5065 | D:6      | Reached skill level 5 in Stealth
  5065 | D:6      | Reached skill level 5 in Shields
  5065 | D:6      | Reached skill level 5 in Unarmed Combat
  5065 | D:6      | Reached skill level 5 in Spellcasting
  5065 | D:6      | Reached skill level 5 in Evocations
  5128 | D:6      | Killed Jeremiah
  5572 | D:6      | Found a runed translucent door.
  5573 | D:6      | Noticed Crazy Yiuf
  5670 | D:6      | Killed Crazy Yiuf
  6017 | D:7      | Found an opulent altar of Gozag.
  6019 | D:7      | Found a runed translucent gate.
  6019 | D:7      | Found a runed translucent gate.
  6019 | D:7      | Found a runed translucent gate.
  6019 | D:7      | Noticed particleface's ghost (novice NaEn)
  6022 | D:7      | Noticed a two-headed ogre
  6145 | D:7      | Killed a two-headed ogre
  6149 | D:7      | Killed particleface's ghost
  6150 | D:7      | Reached skill level 5 in Shapeshifting
  7497 | D:10     | Entered Level 10 of the Dungeon
  7498 | D:10     | Noticed a kobold demonologist
  7498 | D:10     | Noticed a kobold demonologist
  7500 | D:10     | Noticed a rust devil
  7504 | D:10     | Killed a kobold demonologist
  7505 | D:10     | Reached XP level 11. HP: 87/87 MP: 19/19
  7508 | D:10     | Reached skill level 9 in Fighting
  7508 | D:10     | Reached skill level 5 in Conjurations
  7508 | D:10     | Reached skill level 5 in Hexes
  7508 | D:10     | Reached skill level 5 in Summonings
  7508 | D:10     | Reached skill level 5 in Necromancy
  7508 | D:10     | Reached skill level 5 in Translocations
  7508 | D:10     | Reached skill level 5 in Transmutations
  7508 | D:10     | Reached skill level 5 in Fire Magic
  7508 | D:10     | Reached skill level 5 in Ice Magic
  7508 | D:10     | Reached skill level 5 in Air Magic
  7508 | D:10     | Reached skill level 5 in Earth Magic
  7508 | D:10     | Reached skill level 5 in Poison Magic
  7663 | D:10     | Found a staircase to the Orcish Mines.
  7664 | D:10     | Reached **** piety under Trog
  8136 | D:10     | Found a snail-covered altar of Cheibriados.
  8136 | D:10     | Found a hazy altar of Hepliaklqana.
  8137 | D:10     | Found a white marble altar of Elyvilon.
  8661 | D:11     | Identified the "Talent"
  8808 | D:11     | Noticed a deep elf pyromancer
  8812 | D:11     | Killed a deep elf pyromancer
  8868 | D:11     | Noticed an occultist
  8868 | D:11     | Noticed an occultist
  8871 | D:11     | Killed an occultist
  8875 | D:11     | Killed an occultist
  9283 | D:11     | Identified the +1 rapier "Fish" {speed, *Slow Fly Str+7}
  9650 | D:15     | Identified the of Hiaxet
  9650 | Lair:1   | Entered Level 1 of the Lair of Beasts
 10102 | Lair:1   | Reached XP level 12. HP: 96/96 MP: 22/22
 10159 | Lair:1   | Noticed Prince Ribbit
 10168 | Lair:1   | Killed Prince Ribbit
 10868 | Lair:2   | Reached skill level 10 in Fighting
 10868 | Lair:2   | Reached skill level 10 in Axes
 11042 | Lair:2   | Noticed Maggie
 11050 | Lair:2   | Killed Maggie
 11229 | Lair:2   | Identified the +6 leather armour of Insatiable Hunger
                  | {rPois}
 11639 | Lair:2   | Found a staircase to the Shoals.
 11700 | Lair:2   | Reached XP level 13. HP: 100/104 MP: 23/25
 12196 | Lair:3   | Noticed Sonja
 12206 | Lair:3   | Killed Sonja
 12471 | Lair:3   | Found a hole to the Spider Nest.
 12696 | Lair:3   | Reached ***** piety under Trog
 13683 | Lair:4   | Reached skill level 11 in Fighting
 13683 | Lair:4   | Reached skill level 10 in Armour
 13683 | Lair:4   | Reached skill level 10 in Dodging
 14337 | Lair:4   | Reached XP level 14. HP: 85/113 MP: 25/27
 14610 | Lair:5   | Entered Level 5 of the Lair of Beasts
 14912 | Lair:4   | Reached skill level 10 in Invocations
 15392 | Lair:5   | Identified the +4 chain mail "Wounacoc" {Contam rC- rCorr
                  | MP+9}
 15711 | Lair:5   | Found a staircase to the Slime Pits.
 15711 | Lair:5   | Found a viscous altar of Jiyva.
 16171 | Lair:5   | Identified the ring "Dote" {Fly Dex+6}
 17353 | Lair:5   | Received a gift from Trog
 17715 | Lair:5   | Upgraded the game from 0.31-a0-983-g7b6862f502 to
                  | 0.31-a0-986-g5e6e4ef867
 18086 | D:12     | Reached XP level 15. HP: 120/120 MP: 28/28
 18274 | D:12     | Reached skill level 10 in Short Blades
 18274 | D:12     | Reached skill level 10 in Long Blades
 18274 | D:12     | Reached skill level 10 in Maces & Flails
 18274 | D:12     | Reached skill level 10 in Polearms
 18274 | D:12     | Reached skill level 10 in Staves
 18274 | D:12     | Reached skill level 10 in Ranged Weapons
 18274 | D:12     | Reached skill level 10 in Throwing
 18274 | D:12     | Reached skill level 10 in Stealth
 18274 | D:12     | Reached skill level 10 in Shields
 18274 | D:12     | Reached skill level 10 in Unarmed Combat
 18274 | D:12     | Reached skill level 10 in Spellcasting
 18274 | D:12     | Reached skill level 10 in Evocations
 18731 | D:13     | Noticed Kirke
 18745 | D:13     | Noticed a sphinx
 18746 | D:13     | Reached skill level 12 in Fighting
 18747 | D:13     | Killed Kirke
 19031 | D:13     | Found a gate to the Vaults.
 20580 | D:14     | Noticed a storm dragon
 20590 | D:14     | Killed a storm dragon
 20975 | D:14     | Found an ancient bone altar of Kikubaaqudgha.
 21333 | D:14     | Reached XP level 16. HP: 129/129 MP: 30/30
 21630 | D:14     | Identified the ring of Yraoxt {Str+7 SInv Stlth+}
 21897 | D:14     | Received a gift from Trog
 22284 | D:15     | Entered Level 15 of the Dungeon
 22299 | D:15     | Reached skill level 10 in Shapeshifting
 22429 | D:15     | Reached skill level 13 in Fighting
 22466 | D:15     | Found a frozen archway.
 22466 | D:15     | Noticed an azure jelly
 22472 | D:15     | Killed an azure jelly
 22515 | IceCv    | Entered an ice cave
 23745 | IceCv    | Noticed an Ice Fiend
 23759 | IceCv    | Killed an Ice Fiend
 24582 | D:15     | Found a staircase to the Depths.
 25998 | Orc:1    | Identified the "Umenunye"
 25998 | Orc:1    | Entered Level 1 of the Orcish Mines
 26012 | Orc:1    | Reached XP level 17. HP: 98/138 MP: 32/32
 26172 | Orc:1    | Noticed Fannar
 26177 | Orc:1    | Killed Fannar
 26707 | Orc:1    | Received a gift from Trog
 26825 | Orc:2    | Entered Level 2 of the Orcish Mines
 26873 | Orc:2    | Noticed Rupert
 26997 | Orc:2    | Found a staircase to the Elven Halls.
 27009 | Orc:2    | Killed Rupert
 27010 | Orc:2    | Reached skill level 14 in Fighting
 27294 | Orc:2    | Found Sotokequ's Antique Weapon Shop.
 27482 | Orc:2    | Found a runed translucent door.
 27484 | Orc:2    | Noticed boblaw's ghost (novice MiBe)
 27665 | Orc:1    | Received a gift from Trog
 27868 | Orc:2    | Found Zuefeac's Magic Scroll Shop.
 27868 | Orc:2    | Found Plog's Weapon Shoppe.
 27870 | Orc:2    | Found Xineqimu's Antique Armour Emporium.
 27872 | Orc:2    | Found Ijakam's Antique Armour Boutique.
 27963 | Orc:2    | Killed boblaw's ghost
 28001 | Orc:2    | Bought a pair of gloves for 144 gold pieces
 28021 | Orc:2    | Bought a jewelled plate armour for 840 gold pieces
 28021 | Orc:2    | Identified the +7 plate armour of Wojesh {rCorr Dex+4} (You
                  | bought it in a shop on level 2 of the Orcish Mines)
 28025 | Orc:2    | Bought 2 scrolls of enchant armour for 195 gold pieces
 28196 | Spider:1 | Entered Level 1 of the Spider Nest
 28225 | Spider:1 | Reached skill level 10 in Conjurations
 28225 | Spider:1 | Reached skill level 10 in Hexes
 28225 | Spider:1 | Reached skill level 10 in Summonings
 28225 | Spider:1 | Reached skill level 10 in Necromancy
 28225 | Spider:1 | Reached skill level 10 in Translocations
 28225 | Spider:1 | Reached skill level 10 in Transmutations
 28225 | Spider:1 | Reached skill level 10 in Fire Magic
 28225 | Spider:1 | Reached skill level 10 in Ice Magic
 28225 | Spider:1 | Reached skill level 10 in Air Magic
 28225 | Spider:1 | Reached skill level 10 in Earth Magic
 28225 | Spider:1 | Reached skill level 10 in Poison Magic
 28698 | Spider:1 | Noticed Azrael
 28710 | Spider:1 | Killed Azrael
 28899 | Spider:1 | HP: 9/210 [+5 glaive of the Guard {elec, spectral}[the
                  | player character] (15)]
 28899 | Spider:1 | HP: 1/210 [tarantella (8)]
 28902 | Spider:1 | Blown up by an orb spider

Illustrated notes

Levels and vault maps discovered:
D:1:      saegor_arrival_under_anarchy, layout_rooms, hangedman_glass_teeth
D:2:      layout_basic, shapermc_ecumenical_altar_acropolis
D:3:      minmay_chambers_of_threes, layout_rooms, minmay_goblin_kobold_house
D:4:      layout_loops_ring, minmay_temple_entry_mist
D:5:      layout_cave_pools
D:6:      layout_loops_ring, minmay_gold_behind_fungi, nrook_mini_vaults,
          uniq_crazy_yiuf_cottage, uniq_jeremiah
D:7:      layout_rooms, lemuel_tele_altar, enter_bailey_2, ebering_ghost_gozag
D:8:      layout_loops_corners, serial_co_window_serial, co_window_corner_a,
          co_window_of_opportunity_a, co_window_corner_a, co_window_corner_a,
          co_window_of_opportunity_a, co_window_corner_a, co_window_paths_b,
          co_window_paths_a, co_window_of_opportunity_a,
          co_window_unsneaky_path_e, co_window_paths_c, co_window_corner_ca,
          glass_columns_a, glass_columns_b, glass_columns_b, glass_columns_b,
          glass_columns_b
D:9:      layout_cave_pools, lair_entry_dummy, special_room [special_room_orc]
D:10:     layout_stronghold, nicolae_overflow_hidden_temple, erik_orc_3
D:11:     cheibrodos_lost_city_excavation, layout_loops_ring
D:12:     layout_big_octagon
D:13:     layout_long_grid, erik_vaults_1, uniq_kirke
D:14:     evilmike_negative_zone, layout_irregular_city
D:15:     gammafunk_depths_entry_grave, layout_basic,
          portal_ice_cave_entry_frozen_things
Lair:1:   layout_big_grid, minmay_lair_oklob_bushes, serial_bayou_pond_d,
          uniq_prince_ribbit2
Lair:2:   layout_regular_city, minmay_shoals_entry_hut, uniq_maggie
Lair:3:   layout_chaotic_city, spider_nest_entry_rubble,
          infiniplex_staircase_pool_2, uniq_sonja
Lair:4:   layout_layer_cave, pdpol_lair_cavern_descent
Lair:5:   hangedman_lair_caniforms_friends, layout_cave_pods,
          guppyfry_lair_end_dragon, slime_entry_1, hangedman_lair_generics_rect,
          lemuel_fruit_fields, grunt_megastairs_2
Spider:1: layout_spider_delve, drop_trap, nicolae_spider_acid_house, uniq_azrael
Orc:1:    lemuel_ogre_cave, layout_caves, uniq_fannar
Orc:2:    st_orc_rangers, layout_caves, ebering_ghost_inner_flame, serial_shops,
          nicolae_shop_window_shopping, uniq_rupert

Skill      XL: |  1  2  3  4  5  6  7  8  9 10 11 12 13 14 15 16 17 |
---------------+----------------------------------------------------+-----
Invocations    | 1 2 3 4 5 6 7 8 9 10 11 12 13 | 13.0
Short Blades   | 1 2 3 4 5 6 8 9 10 11 12 | 12.0
Long Blades    | 1 2 3 4 5 6 8 9 10 11 12 | 12.0
Maces & Flails | 1 2 3 4 5 6 8 9 10 11 12 | 12.0
Polearms       | 1 2 3 4 5 6 8 9 10 11 12 | 12.0
Staves         | 1 2 3 4 5 6 8 9 10 11 12 | 12.0
Ranged Weapons | 1 2 3 4 5 6 8 9 10 11 12 | 12.0
Throwing       | 1 2 3 4 5 6 8 9 10 11 12 | 12.0
Stealth        | 1 2 3 4 5 6 8 9 10 11 12 | 12.0
Shields        | 1 2 3 4 5 6 8 9 10 11 12 | 12.0
Unarmed Combat | 1 2 3 4 5 6 8 9 10 11 12 | 12.0
Spellcasting   | 1 2 3 4 5 6 8 9 10 11 12 | 12.0
Evocations     | 1 2 3 4 5 6 8 9 10 11 12 | 12.0
Shapeshifting  | 1 2 3 4 5 6 7 8 9 10 11 | 11.0
Conjurations   | 1 2 3 4 5 6 7 8 9 10 | 10.1
Hexes          | 1 2 3 4 5 6 7 8 9 10 | 10.1
Summonings     | 1 2 3 4 5 6 7 8 9 10 | 10.1
Necromancy     | 1 2 3 4 5 6 7 8 9 10 | 10.1
Translocations | 1 2 3 4 5 6 7 8 9 10 | 10.1
Transmutations | 1 2 3 4 5 6 7 8 9 10 | 10.1
Fire Magic     | 1 2 3 4 5 6 7 8 9 10 | 10.1
Ice Magic      | 1 2 3 4 5 6 7 8 9 10 | 10.1
Air Magic      | 1 2 3 4 5 6 7 8 9 10 | 10.1
Earth Magic    | 1 2 3 4 5 6 7 8 9 10 | 10.1
Poison Magic   | 1 2 3 4 5 6 7 8 9 10 | 10.1
Armour         | 5 6 7 8 9 10 11 12 | 12.8
Dodging        | 5 6 7 8 9 10 11 12 | 12.8
Fighting       | 7 8 9 10 11 12 13 14 | 14.4
Axes           | 7 8 9 10 11 12 13 | 13.5

Action                     |  1- 3 |  4- 6 |  7- 9 | 10-12 | 13-15 | 16-18 || total
---------------------------+-------+-------+-------+-------+-------+-------++-------
  Melee: Hand axe          |   111 |    89 |       |       |       |       ||   200
         Bite              |     5 |    11 |     6 |    22 |    73 |    51 ||   168
         Punch             |     2 |     2 |     5 |       |       |       ||     9
         Long sword        |       |    45 |   118 |       |       |       ||   163
         Glaive            |       |       |    16 |   301 |   579 |   528 ||  1424
         Battleaxe         |       |       |     6 |       |       |       ||     6
         Broad axe         |       |       |       |       |    33 |       ||    33
  Throw: Boomerang         |       |       |    20 |       |    30 |    12 ||    62
         Dart              |       |       |       |       |    45 |    40 ||    85
 Invoke: Berserk           |     1 |     3 |     5 |    10 |    20 |    13 ||    52
         Trog's Hand       |       |       |     3 |     7 |     7 |    12 ||    29
         Brothers in Arms  |       |       |       |       |     1 |     1 ||     2
  Evoke: Wand              |       |       |       |       |       |    27 ||    27
    Use: Scroll            |       |       |     6 |    17 |    11 |     4 ||    38
         Potion            |       |       |       |       |     2 |     3 ||     5
   Stab: Distracted        |       |       |     1 |     2 |    10 |     4 ||    17
         Confused          |       |       |       |       |     1 |       ||     1
         Sleeping          |       |       |       |       |     2 |     1 ||     3
 Armour: Animal skin       |    12 |       |       |       |       |       ||    12
         Chain mail        |    41 |    89 |   123 |   264 |   676 |    50 ||  1243
         Plate armour      |       |       |       |       |       |   229 ||   229
         Crystal plate arm |       |       |       |       |       |   193 ||   193
  Dodge: Dodged            |    59 |    55 |    79 |   145 |   436 |   342 ||  1116

Table legend: (Time is in decaauts)
 A = Elapsed time spent in this place.
 B = Non-inter-level travel time spent in this place.
 C = Inter-level travel time spent in this place.
 D = Time resting spent in this place.
 E = Time spent auto-exploring this place.
 F = Levels seen in this place.
 G = Mean time per level.
                   A        B        C        D        E       F      G
               +--------+--------+--------+--------+--------+-----+--------+
         Total |  29679 |  27392 |   2287 |   5026 |  16971 |  25 | 1187.2 |
       Dungeon |  15842 |  14677 |   1165 |   2151 |   9839 |  15 | 1056.1 |
          Lair |   8956 |   8071 |    885 |   1372 |   5262 |   5 | 1791.2 |
   Spider Nest |    462 |    462 |      0 |     32 |    212 |   1 |  462.0 |
  Orcish Mines |   2106 |   1870 |    236 |    408 |   1021 |   2 | 1053.0 |
        Bailey |    429 |    429 |      0 |    126 |     16 |   1 |  429.0 |
      Ice Cave |   1882 |   1882 |      0 |    935 |    620 |   1 | 1882.0 |
               +--------+--------+--------+--------+--------+-----+--------+

Top non-repeatable levels by time:
  Lair:5: 2904 daAuts
    D:14: 2871 daAuts
  Lair:4: 1929 daAuts
   IceCv: 1882 daAuts
  Lair:3: 1800 daAuts
    D:10: 1376 daAuts
   Orc:1: 1368 daAuts
  Lair:2: 1265 daAuts
    D:15: 1232 daAuts
     D:4: 1150 daAuts
  Lair:1: 1056 daAuts
     D:8: 1051 daAuts
    D:13: 1047 daAuts
     D:2: 983 daAuts
    D:11: 976 daAuts
